 Dungeon Crawl Stone Soup version 0.25-a0-1133-g93ebf739aa (webtiles) character file.

Game seed: 4092349281845049285, levelgen mode: deterministic

910 Maedhros the Martial Artist (level 8, -2/48 HPs)
             Began as an Octopode Artificer on May 22, 2020.
             Slain by a water moccasin (4 damage)
             ... on level 5 of the Dungeon.
             The game lasted 00:05:32 (839 turns).

Maedhros the Martial Artist (Octopode Artificer)     Turns: 839, Time: 00:05:32

Health: -2/48      AC:  1    Str: 11    XL:     8   Next: 8%
Magic:  10/10      EV: 13    Int: 13    God:
Gold:   78         SH:  4    Dex: 15    Spells: 7/7 levels left

rFire    . . .     SeeInvis .     - Unarmed
rCold    . . .     Gourm    .   h - +0 buckler (curse)
rNeg     . . .     Faith    .   (helmet restricted)
rPois    .         Spirit   .   (no amulet)
rElec    .         Reflect  .   (no ring)
rCorr    .         Harm     .   (no ring)
MR       .....                  (no ring)
Stlth    ++++......             (no ring)
HPRegen  0.16/turn              (no ring)
MPRegen  0.12/turn              (no ring)
                                (no ring)
                                (no ring)

@: lethally poisoned (-2 -> -22)
A: almost no armour, stealthy swim, amphibious, 8 rings, constrict 8, camouflage
1, gelatinous body 1
a: no special abilities


You were on level 5 of the Dungeon.
You were not hungry.

You visited 1 branch of the dungeon, and saw 6 of its levels.

You collected 78 gold pieces.

Inventory:

Missiles
 j - 3 curare-tipped darts (quivered)
 k - 11 javelins
Armour
 h - a cursed +0 buckler (worn)
Wands
 b - a wand of flame (13)
 c - a wand of enslavement (6)
 d - a wand of random effects (12)
 n - a wand of disintegration (10)
Scrolls
 g - 2 scrolls of identify {unknown}
 i - 4 scrolls of teleportation {unknown}
Potions
 a - a potion of might {unknown}
 e - 2 potions of stabbing
 l - a potion of heal wounds {unknown}
 m - a potion of magic {unknown}
Comestibles
 f - 2 rations


   Skills:
 * Level 1.4 Fighting
   Level 1.0 Short Blades
 - Level 2.0 Dodging
 - Level 4.0 Stealth
 * Level 0.8 Shields
 + Level 8.3 Unarmed Combat
 - Level 3.2 Evocations


You had 7 spell levels left.
You didn't know any spells.
Your spell library was empty.

Dungeon Overview and Level Annotations

Branches:
Dungeon (6/15)
 Temple: D:4-7

Altars:
Kikubaaqudgha


Innate Abilities, Weirdness & Mutations

You cannot wear most types of armour.
You are very stealthy in the water. (Stealth+)
You are amphibious.
You can wear up to eight rings at the same time.
You can use your tentacles to constrict eight enemies at once.
Your skin changes colour to match your surroundings (Stealth+).
Your rubbery body absorbs attacks. (AC +1, EV +1)


Message History

Aim: a water moccasin (chance to defeat MR: 78%)
The water moccasin is blasted!
You feel sick. The water moccasin bites you!
* * * LOW HITPOINT WARNING * * *
You are more poisoned.
The water moccasin poisons you!
Evoke which item? (* to show all) (? for menu, Esc to quit)
Aiming: Disintegrate
Press: ? - help, Shift-Dir - straight line, f/p - water moccasin
Aim: a water moccasin (heavily wounded, chance to defeat MR: 78%)
The water moccasin barely resists.
* * * LOW HITPOINT WARNING * * *
You feel sick. You block the water moccasin's attack.
Evoke which item? (* to show all) (? for menu, Esc to quit)
Aiming: Disintegrate
Press: ? - help, Shift-Dir - straight line, f/p - water moccasin
Aim: a water moccasin (heavily wounded, chance to defeat MR: 78%)
The water moccasin barely resists.
* * * LOW HITPOINT WARNING * * *
You feel sick. The water moccasin bites you.
You die...

....##########.
...............
............Y..
...........
####.......
#..#.....#####
#..#.....#...#
#..#....†#...#
#.@'.....'...#
#S##.....#...# #.
#.....#...# #.
#...<.#...# #.
#.....#...# +.
#.....#...#
#..S..#..#.....#...#
#.....#..#.....#...#
#.....#..#.....#...#


You could see a water moccasin.

Vanquished Creatures
  A two-headed ogre (D:3)
  Grinder (D:5)
  A crimson imp (D:6)
  A worker ant (D:5)
  2 dart slugs
  A leopard gecko (D:1)
  3 orcs (D:3)
  4 bats
  3 giant cockroaches
  5 goblins
  2 hobgoblins (D:1)
  3 kobolds
  A ball python (D:3)
  2 frilled lizards (D:3)
  5 rats
35 creatures vanquished.

Vanquished Creatures (collateral kills)
  A worm (D:2)
  A goblin (D:2)
2 creatures vanquished.

Vanquished Creatures (others)
  2 adders (D:2)
  A giant cockroach (D:3)
3 creatures vanquished.

Grand Total: 40 creatures vanquished

Notes
Turn   | Place    | Note
-------+----------+-------------------------------------------
     0 | D:1      | Maedhros the Octopode Artificer began the quest for the
                  | Orb.
     0 | D:1      | Reached XP level 1. HP: 13/13 MP: 3/3
    95 | D:1      | Reached XP level 2. HP: 3/18 MP: 4/4
   429 | D:2      | Reached XP level 3. HP: 6/23 MP: 5/5
   449 | D:3      | Reached skill level 1 in Unarmed Combat
   482 | D:3      | Noticed a two-headed ogre
   518 | D:3      | Killed a two-headed ogre
   518 | D:3      | Reached skill level 7 in Unarmed Combat
   518 | D:3      | Reached XP level 4. HP: 9/28 MP: 6/6
   518 | D:3      | Reached XP level 5. HP: 11/33 MP: 7/7
   518 | D:3      | Reached XP level 6. HP: 12/38 MP: 8/8
   518 | D:3      | Reached XP level 7. HP: 14/43 MP: 9/9
   723 | D:5      | Entered Level 5 of the Dungeon
   725 | D:5      | Found an ancient bone altar of Kikubaaqudgha.
   742 | D:5      | Noticed Grinder
   751 | D:5      | Killed Grinder
   751 | D:5      | Reached skill level 8 in Unarmed Combat
   751 | D:5      | Reached XP level 8. HP: 13/48 MP: 10/10
   839 | D:5      | HP: 2/48 [poisoned by a water moccasin]
   839 | D:5      | Slain by a water moccasin

Illustrated notes

Levels and vault maps discovered:
D:1:      saegor_arrival_simple_b, layout_basic
D:2:      layout_basic, lightli_temple_of_fire,
          nemelex_xobeh_ov_fountains_minmay, gammafunk_temple_overflow_elements,
          first_ration, palyth_stone_intersect, uniq_terence
D:3:      layout_basic, gammafunk_ghost_cemetery, minmay_divided_ellipse
D:4:      layout_loops_ring, lemuel_coloured_pillars_altar, marbit_many_paths,
          uniq_robin, uniq_blork_the_orc, uniq_natasha
D:5:      layout_gridville, overflow_temple_1_default, basic_altar,
          enter_ossuary_3, minmay_ruined_shrine, uniq_grinder
D:6:      layout_basic, minmay_temple_entry_waves

Skill      XL: |  1  2  3  4  5  6  7 |
---------------+----------------------+-----
Stealth        | 2 4 |  4.0
Unarmed Combat | 7 8 |  8.3
Fighting       | |  1.4
Short Blades   | |  1.0
Dodging        | |  2.0
Shields        | |  0.8
Evocations     | |  3.2

Action                   |  1- 3 |  4- 6 |  7- 9 || total
-------------------------+-------+-------+-------++-------
Melee: Short sword       |    44 |       |    12 ||    56
       Constrict         |    12 |       |     7 ||    19
       Tentacles         |     9 |       |     5 ||    14
       Dagger            |       |       |     8 ||     8
       Punch             |       |       |     2 ||     2
       Unarmed           |       |       |     5 ||     5
Evoke: Wand              |    13 |       |     4 ||    17
  Use: Potion            |     1 |       |       ||     1
 Stab: Sleeping          |     4 |       |       ||     4
Armor: Skin              |     7 |       |       ||     7
Dodge: Dodged            |    25 |       |     9 ||    34
Block: Buckler           |     1 |       |     2 ||     3

Table legend:
 A = Non-vault XP
 B = Vault XP
 C = Vault XP percentage of total XP
 D = Non-vault monster count
 E = Vault monster count
 F = Vault count percentage of total count
                 A         B        C        D         E       F
            +---------+---------+-------+---------+---------+-------
      Total |     140 |    1160 |  89.2 |      30 |       7 |  18.9
            +---------+---------+-------+---------+---------+-------
        D:1 |      29 |       0 |   0.0 |      14 |       0 |   0.0
        D:2 |       6 |       0 |   0.0 |       4 |       0 |   0.0
        D:3 |      22 |     883 |  97.6 |      10 |       6 |  37.5
        D:5 |      33 |     277 |  89.4 |       1 |       1 |  50.0
        D:6 |      50 |       0 |   0.0 |       1 |       0 |   0.0
            +---------+---------+-------+---------+---------+-------
